 Dungeon Crawl Stone Soup version 0.29.0-7-g18a832c13a (webtiles) character file.

Game seed: 6111742028659653266

2463 voltaire321 the Sneak (level 9, -1/54 HPs)
             Began as a Kobold Conjurer on Aug 30, 2022.
             Slain by a sky beast (6 damage)
             ... on level 6 of the Dungeon.
             The game lasted 00:27:18 (8937 turns).

voltaire321 the Sneak (Kobold Conjurer)             Turns: 8937, Time: 00:27:19

Health: -1/54      AC:  8    Str:  8    XL:     9   Next: 79%
Magic:  15/25      EV: 14    Int: 20    God:
Gold:   402        SH:  0    Dex: 13    Spells: 12/18 levels left

rFire   + + .      SeeInvis .   A - +2 dagger (elec)
rCold   + + .      Faith    .   (no shield)
rNeg    . . .      Spirit   .   x - +2 ring mail {rF+}
rPois   .          Reflect  .   (no helmet)
rElec   .          Harm     .   o - scarf {rC+ rF+}
rCorr   .          Rampage  .   F - +0 pair of gloves
Will    .....                   (no boots)
Stlth   ++++......              (no amulet)
HPRegen 0.18/turn               s - ring of protection from cold
MPRegen 0.19/turn               y - ring of magical power

@: no status effects
A: small, no large weapons, nightstalker 3
a: no special abilities


You were on level 6 of the Dungeon.
You visited 2 branches of the dungeon, and saw 7 of its levels.

You collected 402 gold pieces.

Inventory:

Hand Weapons
 e - a +0 dagger of venom
 u - a +3 dagger
 A - a +2 dagger of electrocution (weapon)
Missiles
 d - 12 poisoned darts
 E - 2 throwing nets
Armour
 o - a scarf of resistance (worn)
 x - a +2 ring mail of fire resistance (worn)
 F - a +0 pair of gloves (worn)
Magical Staves
 r - a staff of earth
Jewellery
 s - a ring of protection from cold (left hand)
 y - a ring of magical power (right hand)
 B - a ring of positive energy
Scrolls
 a - a scroll of identify
 c - 3 scrolls of vulnerability {unknown}
 f - 2 scrolls of magic mapping {unknown}
 h - a scroll of amnesia {unknown}
 i - 3 scrolls of enchant armour {unknown}
 j - a scroll of fog {unknown}
 n - 2 scrolls of noise {unknown}
 p - a scroll of torment {unknown}
 q - 2 scrolls of summoning {unknown}
 w - a scroll of fear {unknown}
 C - a scroll of enchant weapon {unknown}
 D - a scroll of teleportation {unknown}
Potions
 b - a potion of magic
 g - 2 potions of heal wounds
 k - a potion of cancellation
 l - 3 potions of curing
 m - a potion of might
 t - a potion of haste {unknown}
 v - a potion of attraction {unknown}
 z - a potion of brilliance {unknown}


   Skills:
 + Level 5.3 Fighting
 + Level 3.0 Armour
 + Level 6.4 Dodging
 + Level 7.6 Stealth
 - Level 5.0 Spellcasting
 + Level 6.4 Conjurations
 + Level 4.0 Summonings


You had 12 spell levels left.
You knew the following spells:

 Your Spells              Type           Power      Damage    Failure   Level
a - Magic Dart            Conj           100%       1d8       2%          1
b - Searing Ray           Conj           60%        2d6       3%          2
c - Call Canine Familiar  Summ           21%        N/A       19%         3

Your spell library contained the following spells:

 Spells                   Type           Power      Damage    Failure   Level
 Summon Small Mammal      Summ           84%        N/A       6%          1
 Dazzling Flash           Conj/Hex       34%        N/A       26%         3
 Summon Guardian Golem    Hex/Summ       13%        N/A       41%         3
 Fulminant Prism          Conj/Hex       8%         3d7       65%         4
 Iskenderun's Mystic Bla  Conj/Tloc      17%        2d5       65%         4
 Ozocubu's Armour         Ice            5%         N/A       69%         3
 Portal Projectile        Hex/Tloc       10%        N/A       69%         3
 Tukima's Dance           Hex            5%         N/A       69%         3
 Leda's Liquefaction      Hex/Erth       2%         N/A       97%         4
 Passage of Golubria      Tloc           5%         N/A       97%         4
 Yara's Violent Unravell  Hex/Tmut       2%         3d3       100%        5
 Ozocubu's Refrigeration  Ice            2%         4d8       100%        7


Dungeon Overview and Level Annotations

Branches:
Dungeon (6/15)             Temple (1/1) D:4

Altars:
Ashenzari
Dithmenos
Elyvilon
Fedhas
Gozag
Hepliaklqana
Makhleb
Nemelex Xobeh
Okawaru
Qazlal
Ru
Trog
Uskayaw
Xom
Yredelemnul
Zin
The Shining One

Shops:
D:3 =   D:6 :

Annotations:
D:2 Sigmund
D:5 3 runed translucent doors, Monkooky's ghost, weakling BaDe


Innate Abilities, Weirdness & Mutations

You are small and have problems with some larger weapons.
You are completely attuned to the shadows.


Message History

Deactivating autopickup; reactivate with Ctrl-A.
You see here a potion of curing.
Found a scroll of identify.
Something hits you but does no damage.
You hit something. Something hits you but does no damage.
You miss something. Your punch misses something. Something hits you.
Something shocks you.
You hit something but do no damage. Something hits you. Something shocks you.
Casting: Searing Ray (safe; 3% risk of failure)
Confirm with . or Enter, or press ? or * to list all spells.
You can't see any susceptible monsters within range! (Use Z to cast anyway.) Unknown command.
Casting: Searing Ray (safe; 3% risk of failure)
Confirm with . or Enter, or press ? or * to list all spells.
Aiming: Searing Ray (safe; 3% risk of failure)
Press: ? - help, Shift-Dir - straight line The searing ray hits something! (Press . to maintain the ray.)
Something hits you but does no damage. Something hits you but does no damage.
The searing ray hits something.
Something hits you but does no damage.
You finish channelling your searing ray.
Something hits you but does no damage.
Casting: Searing Ray (safe; 3% risk of failure)
Confirm with . or Enter, or press ? or * to list all spells.
Aiming: Searing Ray (safe; 3% risk of failure)
Press: ? - help, Shift-Dir - straight line (Press . to maintain the ray.)
Something hits you. Something shocks you. Something hits you.
Something shocks you.
* * * LOW HITPOINT WARNING * * *
The searing ray hits something.
Something hits you.
* * * LOW HITPOINT WARNING * * *
Something shocks you.
* * * LOW HITPOINT WARNING * * *
The searing ray hits something but does no damage.
You finish channelling your searing ray.
Something hits you.
* * * LOW HITPOINT WARNING * * *
Something shocks you.
You die...

#..# #.# # #..#
#.# #.#..# #.#
##.#†.####†# .?.
Y..........# ...
..#..###### #.#
###..# #{# #..#
#####@########.>#
....!...........#
#######......♣.##
#####♣.∩.♣ ##♣##


There were no monsters in sight!

Vanquished Creatures
  Pikel (D:5)
  Menkaure (D:4)
  2 water moccasins (D:5)
  2 black bears
  An ice beast (D:6)
  2 ogres
  2 lemures (D:5)
  A phantom (D:5)
  2 scorpions
  5 howler monkeys
  An orc priest (D:4)
  6 hounds
  A jelly (D:5)
  4 iguanas
  Natasha (D:2)
  4 orc wizards
  22 gnolls
  5 adders
  2 ufetubi (D:5)
  2 worms
  2 dart slugs
  33 orcs
  8 endoplasms
  3 giant cockroaches
  7 hobgoblins
  17 jackals
  6 kobolds
  6 quokkas
  9 ball pythons
  9 bats
  4 frilled lizards
  9 goblins
  9 rats
189 creatures vanquished.

Vanquished Creatures (others)
  A plant (D:3)
1 creature vanquished.

Grand Total: 190 creatures vanquished

Notes
Turn   | Place    | Note
-------+----------+-------------------------------------------
     0 | D:1      | voltaire321 the Kobold Conjurer began the quest for the
                  | Orb.
     0 | D:1      | Reached XP level 1. HP: 10/10 MP: 3/3
   409 | D:1      | Reached XP level 2. HP: 16/16 MP: 0/5
   494 | D:1      | Reached skill level 3 in Stealth
   901 | D:1      | Reached skill level 1 in Fighting
   901 | D:1      | Reached XP level 3. HP: 10/20 MP: 3/6
  1098 | D:1      | Found a faded altar of an unknown god.
  1418 | D:1      | Reached XP level 4. HP: 25/25 MP: 4/7
  2437 | D:2      | Learned a level 2 spell: Searing Ray
  2439 | D:2      | Reached XP level 5. HP: 30/30 MP: 5/9
  2628 | D:2      | Noticed Sigmund
  2669 | D:2      | Noticed Natasha
  2673 | D:2      | Killed Natasha
  2674 | D:2      | Reached skill level 4 in Stealth
  2957 | D:3      | Found Puemoa Moeh's Jewellery Shoppe.
  3188 | D:3      | Reached XP level 6. HP: 35/36 MP: 5/10
  3455 | D:3      | Found a white marble altar of Elyvilon.
  3508 | D:3      | Learned a level 3 spell: Call Canine Familiar
  4786 | D:3      | Reached skill level 1 in Summonings
  4786 | D:3      | Reached XP level 7. HP: 37/40 MP: 7/12
  4803 | D:3      | Reached skill level 5 in Stealth
  4803 | D:3      | Reached skill level 5 in Conjurations
  5732 | D:4      | Found a staircase to the Ecumenical Temple.
  5752 | Temple   | Entered the Ecumenical Temple
  6255 | D:4      | Reached XP level 8. HP: 46/46 MP: 14/14
  6418 | D:4      | Reached skill level 1 in Armour
  6647 | D:4      | Noticed Menkaure
  6654 | D:4      | Killed Menkaure
  6655 | D:4      | Reached skill level 5 in Dodging
  6683 | D:4      | Reached skill level 6 in Stealth
  6954 | D:5      | Entered Level 5 of the Dungeon
  7485 | D:5      | Reached XP level 9. HP: 34/52 MP: 15/16
  7853 | D:5      | Reached skill level 5 in Spellcasting
  8125 | D:5      | Noticed Pikel
  8146 | D:5      | Killed Pikel
  8147 | D:5      | Reached skill level 5 in Fighting
  8147 | D:5      | Reached skill level 7 in Stealth
  8353 | D:5      | Found a runed translucent gate.
  8353 | D:5      | Found a runed translucent gate.
  8353 | D:5      | Found a runed translucent gate.
  8355 | D:5      | Noticed Monkooky's ghost (weakling BaDe)
  8903 | D:6      | Found Wuibrel's Book Shop.
  8937 | D:6      | Slain by a sky beast

Illustrated notes

Levels and vault maps discovered:
D:1:      lemuel_arrival_lava_pool, layout_rooms, basic_ecumenical_altar
D:2:      layout_loops_ring, chequers_jeans, uniq_sigmund, uniq_natasha
D:3:      lemuel_castle_with_subvaults [lemuel_castle_interior_carwin_2],
          layout_loops_ring, elyvilon_altar_5, serial_shops, shop,
          minmay_statues_item
D:4:      layout_rooms, minmay_temple_entry_fiery,
          hangedman_decor_clover_reticule, minmay_misc_feat_x, uniq_menkaure
D:5:      layout_rooms, gammafunk_ghost_nasty_kobolds, kennysheep_nub,
          uniq_pikel
D:6:      layout_loops_ring, gammafunk_temple_overflow_pools, enter_ossuary_1,
          serial_shops, nicolae_shop_trees, uniq_crazy_yiuf_cottage,
          uniq_prince_ribbit1
Temple:   regret_index_temple_sphere_string

Skill      XL: |  1  2  3  4  5  6  7  8  9 |
---------------+----------------------------+-----
Stealth        | 3 4 5 6 7 |  7.6
Fighting       | 1 2 3 4 5 |  5.3
Dodging        | 3 4 5 6 |  6.4
Spellcasting   | 3 4 5 |  5.0
Summonings     | 1 2 3 4 |  4.0
Conjurations   | 5 6 |  6.4
Armour         | 2 3 |  3.0

Action                   |  1- 3 |  4- 6 |  7- 9 || total
-------------------------+-------+-------+-------++-------
Melee: Whip              |    21 |       |       ||    21
       Dagger            |    24 |    90 |   121 ||   235
       Punch             |       |     1 |       ||     1
Throw: Dart              |     3 |       |       ||     3
 Cast: Magic Dart        |    39 |    86 |    79 ||   204
       Searing Ray       |       |    11 |    40 ||    51
  Use: Scroll            |       |     4 |     1 ||     5
       Potion            |       |       |     2 ||     2
 Stab: Sleeping          |       |    15 |     1 ||    16
Armor: Robe              |     9 |    13 |     6 ||    28
       Ring mail         |       |       |    53 ||    53
Dodge: Dodged            |    33 |    84 |   137 ||   254
